 Dungeon Crawl Stone Soup version 0.29-a0-419-g77450f2 (webtiles) character file.

Game seed: 685065253932364454

1029 Toastz the Grappler (level 8, -2/65 (68) HPs)
             Began as a Black Draconian Transmuter on May 18, 2022.
             Was a Follower of Okawaru.
             Killed themself with a badly aimed orb of electricity (4 damage)
             ... on level 5 of the Dungeon.
             The game lasted 00:11:28 (4833 turns).

Toastz the Grappler (Black Draconian Transmuter)    Turns: 4833, Time: 00:11:29

HP:   -2/65 (68)    AC:  9    Str: 15    XL:     8   Next: 3%
MP:   9/11          EV: 14    Int: 13    God:    Okawaru [*.....]
Gold: 216           SH:  0    Dex: 12    Spells: 8/11 levels left

rFire   . . .      SeeInvis .     - Unarmed
rCold   + . .      Faith    .   (no shield)
rNeg    . . .      Spirit   .   (body armour unavailable)
rPois   .          Reflect  .   e - +2 hat
rElec   +          Harm     .   (no cloak)
rCorr   .          Rampage  .   w - +0 pair of gloves
Will    .....                   (no boots)
Stlth   +++.......              (no amulet)
HPRegen 0.20/turn               p - ring of protection from cold
MPRegen 0.12/turn               (no ring)

@: about to teleport, heroic, lightly drained
A: breathe lightning, AC +6, unfitting armour, electricity resistance,
cold-blooded
a: Breathe Lightning, Renounce Religion, Heroism


You were on level 5 of the Dungeon.
You worshipped Okawaru.
Okawaru was aware of your devotion.
You visited 1 branch of the dungeon, and saw 5 of its levels.
You visited the Abyss 1 time.

You collected 238 gold pieces.
You spent 22 gold pieces at shops.

Inventory:

Missiles
 d - 38 stones (quivered)
 o - 3 javelins
 t - 6 curare-tipped darts
Armour
 e - a +2 hat (worn)
 w - a +0 pair of gloves (worn)
Jewellery
 p - a ring of protection from cold (left hand)
 r - a ring of fire
Wands
 j - a wand of flame (21)
Scrolls
 f - 2 scrolls of teleportation
 g - a scroll of brand weapon {unknown}
 h - a scroll of noise {unknown}
 i - 2 scrolls of fear
 n - a scroll of fog {unknown}
 s - a scroll of blinking
 y - a scroll of identify
Potions
 a - 4 potions of lignification
 b - a potion of attraction {unknown}
 c - a potion of flight {unknown}
 k - 2 potions of might {unknown}
 l - 2 potions of ambrosia {unknown}
 m - a potion of heal wounds {unknown}
 q - 2 potions of magic
 u - a potion of mutation {unknown}
 v - a potion of haste {unknown}
 x - a potion of degeneration {unknown}


   Skills:
 + Level 5.0(10.0) Fighting
 - Level 1.7(6.7) Dodging
 * Level 8.4(13.4) Unarmed Combat
 - Level 2.0 Spellcasting
 - Level 3.0 Transmutations


You had 8 spell levels left.
You knew the following spells:

 Your Spells              Type           Power      Damage    Failure   Level
a - Beastly Appendage     Tmut           18%        N/A       8%          1
b - Wereblood             Tmut           9%         N/A       11%         2

Your spell library contained the following spells:

 Spells                   Type           Power      Damage    Failure   Level
 Blink                    Tloc           2%         N/A       36%         2
 Spider Form              Tmut/Pois      5%         N/A       38%         3
 Lesser Beckoning         Tloc           1%         N/A       58%         3
 Ice Form                 Ice/Tmut       5%         N/A       80%         4
 Manifold Assault         Tloc           1%         N/A       100%        5


Dungeon Overview and Level Annotations

Branches:
Dungeon (5/15)             Temple (0/1) D:4

Altars:
Okawaru

Shops:
D:1 [   D:5 ?


Innate Abilities, Weirdness & Mutations

You can breathe wild blasts of lightning.
Your glossy black scales are hard. (AC +6)
You cannot fit into any form of body armour.
You are resistant to electric shocks. (rElec)
You are cold-blooded and may be slowed by cold attacks.


Message History

You feel drained.
* * * LOW HITPOINT WARNING * * *
The kobold closely misses you.
Caerwyn's ghost hits you but does no damage.
The kobold barely misses you.
You gain the combat prowess of a mighty hero.
The kobold brigand hits you with a +1 whip of draining.
* * * LOW HITPOINT WARNING * * *
You feel drained. The kobold hits you but does no damage.
Caerwyn's ghost keens inconsolably.
Caerwyn's ghost closely misses you. The kobold barely misses you.
Activating: Breathe Lightning (4% risk of failure)
Press: ? - help, Dir - look around, f - activate You breathe a wild blast of lightning!
The orb of electricity explodes!
The orb of electricity engulfs the kobold brigand!
The kobold brigand is moderately wounded.
The orb of electricity engulfs you! You resist.
* * * LOW HITPOINT WARNING * * *
The orb of electricity engulfs the kobold!!
You kill the kobold!
Okawaru accepts your kill.
The orb of electricity engulfs the kobold!!
You kill the kobold!
The orb of electricity engulfs the kobold!!
You kill the kobold!
Okawaru accepts your kill.
The orb of electricity engulfs Caerwyn's ghost!!
Caerwyn's ghost is severely damaged.
The orb of electricity engulfs the kobold!
You kill the kobold!
Okawaru accepts your kill.
The orb of electricity engulfs the kobold!!
You kill the kobold!
Okawaru accepts your kill.
The orb of electricity explodes!
The orb of electricity engulfs Caerwyn's ghost!!
You destroy Caerwyn's ghost!
Okawaru accepts your kill. The orb of electricity engulfs you. You resist.
You die...

####.......#######.#####....#.#.
## #.#####.....>..........#.....
.# #.# ######.#############.#.
.# #.# #.# #... .# #.# #.# ###.
.# #.# #.# ## .# #.# #.# .# #.#
##.# .# #.#
#####)@############### .#
#.#####....))K.............# .#
#.......##'))##............# .#
#########.....##.########..## .#
#≈.#.#KK#.# ####..#. .#
#⌠.#.#.⌠#.#####......# .#
#≈.#K#.≈#...........## .#
##.....##.####.###...# .#
##...##..# #.# #..#.


You could see a kobold brigand and 3 kobolds.

Vanquished Creatures
  A shadow (D:5)
  The ghost of Caerwyn the Chiller, an amateur KoIE (D:5)
  An ogre (D:5)
  2 phantoms (D:5)
  A bullfrog (D:5)
  A scorpion (D:4)
  5 hounds
  4 iguanas (D:5)
  4 orc wizards
  4 gnolls
  5 adders
  2 dart slugs
  3 worms
  10 orcs
  3 ball pythons
  4 endoplasms
  2 giant cockroaches (D:2)
  5 hobgoblins
  5 jackals
  7 kobolds
  2 quokkas
  5 bats
  2 frilled lizards
  2 goblins
  A rat (D:1)
82 creatures vanquished.

Vanquished Creatures (others)
  A fungus (D:5)
  3 plants (D:5)
  6 starspawn tentacles (Abyss:1)
10 creatures vanquished.

Grand Total: 92 creatures vanquished

Notes
Turn   | Place    | Note
-------+----------+-------------------------------------------
     0 | D:1      | Toastz the Draconian Transmuter began the quest for the
                  | Orb.
     0 | D:1      | Reached XP level 1. HP: 16/16 MP: 3/3
   415 | D:1      | Reached XP level 2. HP: 23/23 MP: 3/5
   457 | D:1      | Found Uqecal's Antique Armour Shoppe.
   633 | D:1      | Found a faded altar of an unknown god.
  1012 | D:2      | Learned a level 2 spell: Wereblood
  1062 | D:2      | Reached XP level 3. HP: 29/29 MP: 4/6
  1117 | D:2      | Reached skill level 4 in Unarmed Combat
  1725 | D:3      | Reached XP level 4. HP: 32/37 MP: 5/7
  1774 | D:3      | Found an iron altar of Okawaru.
  1797 | D:3      | Became a worshipper of Warmaster Okawaru
  2204 | D:3      | Identified the +7 whip of Grandeur {freeze, Will++ Int+2
                  | Dex-2 SInv}
  2470 | D:4      | Found a staircase to the Ecumenical Temple.
  2618 | D:3      | Reached skill level 5 in Unarmed Combat
  2618 | D:3      | Reached XP level 5. HP: 22/45 MP: 6/8
  3407 | D:4      | Reached XP level 6. HP: 34/51 MP: 7/9
  3720 | D:5      | Entered Level 5 of the Dungeon
  3720 | D:5      | Noticed a shadow
  3968 | D:5      | Found Onashru's Magic Scroll Emporium.
  3985 | D:5      | Reached skill level 6 in Unarmed Combat
  3988 | D:5      | Bought a scroll of identify for 22 gold pieces
  4032 | D:5      | Killed a shadow
  4033 | D:5      | Reached skill level 7 in Unarmed Combat
  4033 | D:5      | Your scales start taking on a glossy black colour.
  4033 | D:5      | Reached XP level 7. HP: 54/59 MP: 8/10
  4033 | D:5      | Gained mutation: You are resistant to electric shocks.
                  | (rElec) [Black Draconian growth]
  4098 | D:5      | Reached * piety under Okawaru
  4348 | D:5      | Reached skill level 8 in Unarmed Combat
  4352 | D:5      | Reached skill level 5 in Fighting
  4353 | D:5      | Reached XP level 8. HP: 67/68 MP: 9/11
  4590 | D:5      | Found a runed translucent gate.
  4590 | D:5      | Found a runed translucent gate.
  4590 | D:5      | Found a runed translucent gate.
  4591 | D:5      | Noticed Caerwyn's ghost (amateur KoIE)
  4789 | D:5      | Cast into level 1 of the Abyss (kobold)
  4805 | Abyss:1  | Noticed a tentacled starspawn
  4829 | Abyss:1  | Noticed a starcursed mass
  4831 | D:5      | Escaped the Abyss
  4833 | D:5      | HP: 2/65 [shot self (10)]
  4833 | D:5      | Killed Caerwyn's ghost
  4833 | D:5      | Killed themself with a badly aimed orb of electricity

Illustrated notes

Levels and vault maps discovered:
D:1:      psy_arrival_conway, layout_loops_cross, serial_shops,
          nicolae_shop_overgrown_old_shop, shapermc_ecumenical_altar_mp_vishouse
D:2:      layout_rooms, minmay_surrounded
D:3:      layout_basic, kennysheep_okawaru_gauntlet
D:4:      kennysheep_big_flooded_room, layout_basic,
          minmay_temple_entry_drinking_statues
D:5:      layout_loops_ring, serial_shops, shop, gammafunk_ghost_nasty_kobolds,
          minmay_misc_feat_nine_boxes

Skill      XL: |  1  2  3  4  5  6  7 |
---------------+----------------------+-----
Fighting       | 2 3 4 5 |  5.0
Unarmed Combat | 4 5 7 8 |  8.4
Transmutations | 3 |  3.0
Dodging        | |  1.7
Spellcasting   | |  2.0

Action                   |  1- 3 |  4- 6 |  7- 9 || total
-------------------------+-------+-------+-------++-------
Melee: Unarmed           |    78 |   132 |    41 ||   251
       Kick              |    11 |    24 |     8 ||    43
       Headbutt          |     9 |    21 |     7 ||    37
       Tailslap          |    12 |    14 |     8 ||    34
       Punch             |       |     1 |     2 ||     3
Throw: Stone             |    24 |     7 |       ||    31
 Cast: Beastly Appendage |    17 |    25 |     5 ||    47
       Wereblood         |       |     1 |     1 ||     2
Invok: Heroism           |       |       |     1 ||     1
 Abil: Breathe Lightning |       |       |     3 ||     3
  Use: Scroll            |     1 |     3 |     2 ||     6
 Stab: Sleeping          |       |     1 |       ||     1
Armor: Skin              |    18 |    36 |    13 ||    67
Dodge: Dodged            |    51 |    78 |    29 ||   158

Table legend: (Time is in decaauts)
 A = Elapsed time spent in this place.
 B = Non-inter-level travel time spent in this place.
 C = Inter-level travel time spent in this place.
 D = Time resting spent in this place.
 E = Time spent auto-exploring this place.
 F = Levels seen in this place.
 G = Mean time per level.
                   A        B        C        D        E       F      G
               +--------+--------+--------+--------+--------+-----+--------+
         Total |   4819 |   4601 |    218 |    619 |   3249 |   6 |  803.2 |
       Dungeon |   4777 |   4559 |    218 |    619 |   3249 |   5 |  955.4 |
         Abyss |     41 |     41 |      0 |      0 |      0 |   1 |   41.0 |
               +--------+--------+--------+--------+--------+-----+--------+

Top non-repeatable levels by time:
     D:4: 1125 daAuts
     D:3: 1100 daAuts
     D:5: 1032 daAuts
     D:1: 935 daAuts
     D:2: 583 daAuts
 Abyss:1: 41 daAuts
